 Dungeon Crawl Stone Soup version 0.14-a0-1036-g6cac21b (webtiles) character file.

2612 4tharraofdagon the Cleaver (level 9, 0/130 HPs)
             Began as a Troll Berserker on Nov 24, 2013.
             Was a Priest of Trog.
             Slain by Erolcha the black bear (3 damage)
             ... on Level 10 of the Dungeon.
             The game lasted 00:15:36 (2539 turns).

4tharraofdagon the Cleaver (Troll Berserker)        Turns: 2539, Time: 00:15:36

HP   0/130       AC  6     Str 35      XL: 9   Next: 30%
MP   8/8         EV 10     Int  3      God: Trog [***...]
Gold 69          SH  0     Dex  9      Spells:  0 memorised,  8 levels left

Res.Fire  : . . .   See Invis. : .   y - +0,+3 orc battleaxe (curse)
Res.Cold  : . . .   Warding    : .   b - +0 animal skin (curse)
Life Prot.: . . .   Conserve   : .   (shield restricted)
Res.Poison: .       Res.Corr.  : .   (helmet restricted)
Res.Elec. : .       Clarity    : .   h - +0 dwarf cloak
Sust.Abil.: . .     Spirit.Shd : .   (gloves unavailable)
Res.Mut.  : .       Stasis     : .   (boots unavailable)
Res.Rott. : .       Flight     : .   (no amulet)
Gourmand  : +                        (no ring)
                                     (no ring)

@: regenerating, berserking, mildly poisoned, very quick, very resistant to
hostile enchantments, extremely unstealthy
A: unfitting armour, claws 3, blurry vision 1, fast metabolism 3, gourmand,
regeneration 2, saprovore 2, shaggy fur 1, tough skin 2
a: Burn Spellbooks, Berserk, Trog's Hand, Renounce Religion


You were on level 10 of the Dungeon.
You worshipped Trog.
Trog was most pleased with you.
You were not hungry.

You visited 1 branch of the dungeon, and saw 11 of its levels.
You also visited: Ossuary.

You collected 225 gold pieces.
You spent 156 gold pieces at shops.

Inventory:

Hand weapons
 a - a +0,+1 hand axe
 y - a cursed +0,+3 orcish battleaxe (weapon)
 B - a -1 orcish blowgun
Missiles
 u - 6 javelins (quivered)
 v - 2 poisoned darts
 x - 4 large rocks
 G - 4 curare-tipped needles
Armour
 b - a cursed +0 animal skin (worn)
 h - a +0 dwarven cloak (worn)
Magical devices
 n - a wand of polymorph (5)
 J - a wand of frost (8)
Comestibles
 c - 2 meat rations
 A - a bread ration
 E - an apple
Scrolls
 d - 3 scrolls of remove curse
 e - 3 scrolls of teleportation {unknown}
 f - 2 scrolls of noise {unknown}
 k - 3 scrolls of enchant weapon II
 m - 3 scrolls of enchant weapon I {unknown}
 o - a scroll of recharging {unknown}
 p - a scroll of fear {unknown}
 q - a scroll of fog {unknown}
 s - a scroll of curse jewellery {unknown}
 C - a scroll of amnesia
 F - a scroll of random uselessness {unknown}
 I - a scroll of immolation {unknown}
 K - a scroll of enchant armour {unknown}
 M - a scroll of blinking {unknown}
Jewellery
 i - a cursed ring of fire
Potions
 g - 2 potions of invisibility
 j - 3 potions of heal wounds
 r - a potion of curing
 t - 3 potions of resistance {unknown}
 z - a potion of brilliance {unknown}
 D - a potion of mutation {unknown}
Books
 w - a Grand Grimoire {highlevel}

   This book is beyond your current level of understanding.

   Spells                             Type                      Level
   Demonic Horde                      Summoning                    6
   Mass Abjuration                    Summoning                    6
   Haunt                              Necromancy/Summoning         7
   Summon Greater Demon               Summoning                    7
   Malign Gateway                     Summoning/Translocation      7
   Summon Horrible Things             Summoning                    8
   Trog disapproves of the use of such an item.
 L - a book of Wizardry

   Spells                             Type                      Level
   Summon Elemental                   Summoning                    4
   Agony                              Necromancy                   5
   Force Lance                        Conjuration                  5
   Fireball                           Conjuration/Fire             5
   Haste                              Charms                       6
   Invisibility                       Hexes                        6
   Trog disapproves of the use of such an item.
Magical staves
 H - an uncursed staff of power {unknown}
Miscellaneous
 l - a plain deck of war {the Shadow}


   Skills:
 - Level 5.0 Fighting
 * Level 9.1 Axes
 - Level 2.6 Dodging
 + Level 3.9 Evocations


You had 8 spell levels left.
You didn't know any spells.

Dungeon Overview and Level Annotations

Branches:
Dungeon (11/16)            Temple (0/1) D:7
    Orc: D:9-12        Lair: D:8-11

Altars:
Nemelex Xobeh

Shops:
D:9 (

Portals:
Ziggurat: D:3 (3590 gp)

Annotations:
D:10 Erolcha


Innate Abilities, Weirdness & Mutations

You are too large for most types of armour.
You have claws for hands.
Your metabolism is lightning-fast.
You like to eat raw meat.
You heal very quickly.
You can eat rotten meat.
You are covered in fur (AC +1).
You have very tough skin (AC +2).
Your vision is a little blurry.


Message History

Erolcha claws you but does no damage.
Unknown command.
You closely miss Erolcha.
Erolcha is severely wounded.
* * * LOW HITPOINT WARNING * * *
You feel sick. Erolcha bites you!
* * * LOW HITPOINT WARNING * * *
Erolcha closely misses you. Erolcha claws you but does no damage.
Erolcha bites you.
* * * LOW HITPOINT WARNING * * *
Erolcha barely misses you. Erolcha claws you.
* * * LOW HITPOINT WARNING * * *
Unknown command.
Unknown command.
You barely miss Erolcha.
Erolcha is severely wounded.
* * * LOW HITPOINT WARNING * * *
You feel sick. Erolcha bites you but does no damage.
Erolcha claws you but does no damage. Erolcha claws you.
You die...

#...............
#..).............
#.................
#..................
#..................
#......>...........
#.........>........#
#..................#
#.........@........#
#.........U........
..................
..........)......
...............
......?......
...........
......... ...


You could see Erolcha the black bear (berserk).

Vanquished Creatures
  Grinder (D:3)
  4 yaks (D:9)
  A hippogriff (D:8)
  A sky beast (D:11)
  A necrophage (D:9)
  A fire bat (D:6)
  A centaur (D:11)
  4 giant frogs
  A big kobold (D:10)
  4 killer bees
  A goliath beetle (D:11)
  A centaur zombie (Ossuary)
  3 crimson imps
  An orc priest (D:5)
  A centaur skeleton (D:9)
  2 worker ants
  13 scorpions
  A big kobold zombie (Ossuary)
  Ijyb (D:7)
  4 mummies
  5 adders
  A giant mite (D:6)
  3 scorpion zombies (Ossuary)
  A giant eyeball (D:6)
  2 giant geckos
  7 orcs
  7 bats
  3 gnoll zombies (Ossuary)
  7 goblins
  4 hobgoblins
  6 jackals (D:4)
  9 kobolds
  2 quokkas
  2 giant cockroaches (D:5)
  3 giant newts
  A hobgoblin skeleton (D:6)
  A hobgoblin zombie (Ossuary)
  3 kobold zombies (Ossuary)
  2 orc zombies (Ossuary)
  5 rats
  A rat skeleton (D:5)
122 creatures vanquished.

Vanquished Creatures (others)
  A worm (D:9)
  A kobold zombie (Ossuary)
2 creatures vanquished.

Grand Total: 124 creatures vanquished

Notes
Turn   | Place    | Note
--------------------------------------------------------------
     0 | D:1      | 4tharraofdagon, the Troll Berserker, began the quest for the Orb.
     0 | D:1      | Reached XP level 1. HP: 23/23 MP: 0/0
   124 | D:2      | Reached XP level 2. HP: 24/31 MP: 0/0
   136 | D:2      | Reached skill level 3 in Axes
   236 | D:3      | Reached XP level 3. HP: 35/37 MP: 1/1
   387 | D:3      | Noticed Grinder
   389 | D:3      | Paralysed by Grinder for 7 turns
   402 | D:3      | Killed Grinder
   402 | D:3      | Reached skill level 5 in Axes
   402 | D:3      | Reached XP level 4. HP: 7/46 MP: 1/1
   402 | D:3      | Reached XP level 5. HP: 8/53 MP: 1/1
   402 | D:3      | Reached XP level 6. HP: 9/61 MP: 2/2
   409 | D:3      | HP: 2/61 [scorpion (10)]
   411 | D:3      | Paralysed by a potion of paralysis for 3 turns
   512 | D:3      | Found a gateway to a ziggurat.
   617 | D:4      | Acquired Trog's second power
   625 | D:4      | Reached skill level 6 in Axes
   740 | D:5      | Entered Level 5 of the Dungeon
   795 | D:5      | Found a sparkling altar of Nemelex Xobeh.
  1046 | D:6      | Paralysed by a giant eyeball for 2 turns
  1052 | D:6      | Paralysed by a giant eyeball for 3 turns
  1080 | D:6      | Reached XP level 7. HP: 28/68 MP: 2/2
  1112 | D:6      | Found a sand-covered staircase.
  1117 | Ossuary  | Entered an ossuary
  1396 | Ossuary  | Reached skill level 7 in Axes
  1396 | Ossuary  | Reached skill level 1 in Evocations
  1728 | D:7      | Reached XP level 8. HP: 49/78 MP: 3/4
  1776 | D:7      | Noticed Ijyb
  1778 | D:7      | Found a staircase to the Ecumenical Temple.
  1825 | D:7      | Killed Ijyb
  2068 | D:8      | Noticed a troll
  2117 | D:9      | Reached skill level 8 in Axes
  2151 | D:9      | Found Gevimpac's Antique Weapon Shoppe.
  2179 | D:9      | Bought an orcish battleaxe for 156 gold pieces
  2271 | D:9      | :(
  2291 | D:10     | Entered Level 10 of the Dungeon
  2300 | D:10     | Reached XP level 9. HP: 84/87 MP: 8/8
  2326 | D:10     | Noticed Sonja
  2329 | D:10     | Noticed Sonja
  2329 | D:10     | Sonja changed into Sonja the tengu
  2331 | D:10     | Sonja the tengu changed into Sonja the giant frog
  2403 | D:11     | Gained mutation: Your vision is a little blurry. [mutagenic meat]
  2470 | D:10     | Noticed Erolcha
  2470 | D:10     | Reached skill level 5 in Fighting
  2470 | D:10     | Reached skill level 9 in Axes
  2529 | D:10     | Noticed Erolcha
  2529 | D:10     | Erolcha changed into Erolcha the black bear
  2538 | D:10     | HP: 6/130 [Erolcha the black bear (1)]
  2539 | D:10     | HP: 2/130 [poisoned by a killer bee]
  2539 | D:10     | Slain by Erolcha the black bear

Action                   |  1- 3 |  4- 6 |  7- 9 || total
-------------------------+-------+-------+-------++-------
Melee: Hand axe          |    54 |   109 |   236 ||   399
       Battleaxe         |       |       |    58 ||    58
Invok: Berserk           |     2 |     6 |    10 ||    18
       Trog's Hand       |       |       |     6 ||     6
Evoke: Wand              |       |     1 |     5 ||     6
  Use: Scroll            |       |     4 |     3 ||     7
       Potion            |       |     2 |     1 ||     3
